AoeStats
← RELUIGI89

Arabia

509620610Analyzed
2v2 RM · 3d ago on Sep 27, 2026· 30m 32s· 4 players
Game mode
Random Map
Map size
Medium (4 player)
Population
200
Speed
Normal
Resources
Standard
Victory
Conquest
Starting age
Dark Age
Ending age
Imperial Age
RankedLock teamsTeams togetherTeam positionsShared explorationLock speedFull tech treeHidden civsTurbo modeCheats
Victory
Defeat
🇫🇷 Burmese · France
843
+20
🇫🇷 Mongols · France
837
+20
🇮🇹 Teutons · Italy
864
-17
🇨🇳 Byzantines · China
862
-17
LoiMonstre46169
5:59 Loom
8:42 Feudal Age
9:52 Double-Bit Axe
12:28 Wheelbarrow
13:26 Bloodlines
17:13 Scale Barding Armor
18:24 Horse Collar
19:14 Forging
24:56 Castle Age
24:06 Gold Mining
26:13 Iron Casting
26:00 Chain Barding Armor
26:08 Bow Saw
26:33 Husbandry
25:54 Light Cavalry
28:35 Hand Cart
29:06 Heavy Plow
BerceauLion3560
1:14 Loom
11:11 Feudal Age
11:46 Horse Collar
13:44 Wheelbarrow
14:23 Man-at-Arms
18:10 Forging
20:21 Scale Mail Armor
20:29 Gold Mining
20:31 Town Watch
22:54 Arson
25:02 Stone Mining
28:40 Castle Age
RELUIGI89
11:12 Feudal Age
12:38 Wheelbarrow
13:30 Horse Collar
13:45 Double-Bit Axe
19:06 Castle Age
16:37 Man-at-Arms
28:36 Padded Archer Armor
908029158
10:52 Feudal Age
16:06 Loom
Connection lost

Rejoining the realm…

Still unreachable

The connection could not be restored.

Session expired

The server has moved on; the page needs a fresh start.